Map: Lost and Found LE

Players

Plasmid

  • Race: Zerg Zerg
  • League: Diamond
  • Spawn Location: 1:00

tokka - Winner!

  • Race: Terran Terran
  • League: Master
  • Spawn Location: 7:00

VOD

Have the link to the VOD?

Description

Time

  • Played on: June 22, 2018, 10:29 p.m.
  • Length: 25:16
Show
View Real Time Build Order
Export as new Build Order

Plasmid Zerg 

Build Orders: Hatch First 

Get SALT Encoding   

  12  0:01  Drone  
  13  0:13  Overlord  
  13  0:18  Drone  
  14  0:32  Drone x2  
  16  0:36  Drone  
  17  0:46  Drone  
  18  0:57  Hatchery  
  18  1:02  Drone  
  18  1:18  Spawning Pool, Drone  
  18  1:19  Drone  
  18  1:23  Extractor  
  18  1:29  Drone  
  19  1:40  Overlord  
  19  1:50  Drone  
  20  2:06  Queen  
  20  2:07  Zergling x2  
  23  2:09  Queen  
  23  2:10  Zergling x2  
  23  2:13  Drone  
  27  2:21  Drone  
  28  2:27  Metabolic Boost  
  28  2:32  Drone x2  
  30  2:37  Overlord  
  30  2:42  Drone  
  31  2:45  Queen  
  31  2:47  Queen  
  31  2:49  Overlord  
  35  2:53  Drone  
  36  3:12  Hatchery  
  35  3:20  Drone x6  
  35  3:21  Drone  
  42  3:31  Queen  
  42  3:33  Queen  
  46  3:36  Drone  
  47  3:46  Drone  
  47  3:47  Drone x4  
  52  3:57  Overlord x2  
  52  4:05  Overlord x3  
  52  4:24  Queen  
  52  4:25  Drone  
  52  4:26  Drone x6  
  52  4:29  Lair  
  61  4:34  Extractor, Drone x3  
  61  4:35  Drone x3  
  66  4:41  Zergling x6  
  69  4:52  Overlord x2  
  69  4:53  Drone  
  69  4:58  Extractor  
  69  5:02  Extractor, Lair  
  69  5:05  Drone x5  
  69  5:06  Drone  
  74  5:12  Overlord x2  
  63  5:59  Drone x4  
  63  6:04  Spore Crawler x3  
  65  6:09  Roach Warren  
  65  6:10  Hydralisk Den  
  65  6:11  Drone x5  
  63  6:12  Drone x8  
  75  6:23  Extractor  
  74  6:26  Extractor  
  73  6:33  Zergling x2  
  73  6:34  Zergling x12, Evolution Chamber  
  73  6:35  Zergling x2, Evolution Chamber  
  73  6:37  Queen x2  
  73  6:38  Hatchery  
  73  6:39  Muscular Augments  
  82  6:40  Hydralisk x4  
  90  7:04  Zerg Ground Armor Level 1  
  90  7:08  Zerg Missile Weapons Level 1  
  90  7:10  Zergling x2  
  90  7:11  Roach x3  
  97  7:19  Overlord x3  
  97  7:20  Overlord x3  
  97  7:26  Overlord x3  
  97  7:27  Overlord x2  
  97  7:29  Glial Reconstitution  
  97  7:31  Infestation Pit  
  96  7:42  Spore Crawler  
  95  7:51  Hydralisk x4, Grooved Spines  
  95  7:52  Hydralisk x3  
  109  8:01  Zergling x2  
  109  8:02  Zergling x12  
  116  8:09  Baneling Nest  
  115  8:20  Drone x2  
  115  8:21  Drone x5  
  122  8:27  Queen  
  122  8:28  Drone  
  125  8:47  Hive  
  125  8:59  Baneling x3  
  125  9:00  Baneling x7, Centrifical Hooks  
  125  9:02  Hydralisk  
  125  9:03  Hydralisk x7  
  125  9:08  Drone x3  
  144  9:16  Drone  
  146  9:17  Drone x6  
  146  9:22  Overseer x2  
  151  9:48  Pathogen Glands  
  148  10:07  Burrow  
  148  10:08  Zerg Ground Armor Level 2  
  148  10:10  Zerg Melee Weapons Level 1  
  142  10:42  Infestor  
  142  10:43  Infestor x5  
  142  10:46  Ultralisk Cavern  
  153  10:59  Adrenal Glands  
  148  11:24  Overlord x3  
  148  11:27  Extractor  
  148  11:29  Extractor  
  145  11:38  Chitinous Plating  
  135  11:50  Ultralisk x4  
  135  11:53  Zergling x2  
  135  11:54  Zergling x18  
  161  11:55  Zergling x24  
  161  11:56  Zergling x20  
  190  12:28  Ultralisk  
  196  12:30  Zergling x6  
  196  12:32  Zerg Ground Armor Level 3  
  196  12:34  Zerg Melee Weapons Level 2  
  199  12:39  Baneling  
  199  12:40  Baneling x10  
  199  12:41  Baneling  
  199  12:44  Baneling  
  199  12:45  Baneling  
  199  12:58  Infestor x5  
  199  12:59  Infestor  
  199  13:14  Baneling  
  199  13:15  Baneling x6  
  199  13:16  Baneling x12  
  199  13:17  Baneling x8  
  199  13:26  Hatchery  
  147  13:58  Ultralisk x4  
  147  13:59  Zergling x10  
  147  14:00  Zergling x24  
  147  14:01  Zergling x18  
  194  14:16  Zergling x10  
  194  14:17  Zergling x2  
  121  14:50  Ultralisk x5  
  121  14:51  Zergling x12, Ultralisk  
  121  14:52  Zergling x6  
  145  15:00  Zerg Melee Weapons Level 3  
  145  15:05  Zergling x6  
  145  15:06  Zergling x2  
  149  15:09  Drone x3  
  149  15:13  Zergling x2, Ultralisk  
  159  15:24  Queen  
  159  15:25  Zergling x12  
  159  15:26  Zergling x2  
  168  15:29  Hydralisk x6  
  180  15:47  Baneling x5  
  180  15:48  Baneling x11, Hatchery  
  180  15:49  Baneling x10  
  179  15:54  Zergling x2  
  179  15:55  Zergling x22  
  179  15:56  Zergling x4  
  193  15:57  Hatchery  
  122  16:20  Hydralisk  
  122  16:21  Hydralisk x8  
  122  16:22  Hydralisk x4  
  135  16:38  Zergling x2  
  135  16:39  Zergling x14  
  129  16:40  Zergling x16  
  130  16:52  Spire  
  129  17:01  Zerg Missile Weapons Level 2  
  129  17:04  Infestor x4  
  114  17:37  Zergling x6  
  114  17:38  Zergling x24  
  114  17:39  Zergling x24  
  114  17:40  Zergling x4  
  131  18:06  Drone x2, Queen  
  131  18:09  Baneling  
  131  18:10  Baneling x12  
  131  18:11  Baneling x8  
  135  18:13  Corruptor x3  
  135  18:17  Drone x2  
  143  18:25  Extractor, Drone x2  
  143  18:26  Drone  
  145  18:48  Greater Spire  
  145  18:49  Corruptor x2  
  145  18:50  Corruptor x4  
  148  19:08  Baneling  
  148  19:09  Baneling x10  
  148  19:10  Baneling x4, Infestor  
  148  19:11  Infestor x2  
  148  19:15  Drone x2  
  148  19:16  Drone  
  157  19:19  Drone  
  157  19:21  Extractor  
  157  19:26  Drone x3  
  135  20:01  Drone x2  
  135  20:05  Brood Lord  
  135  20:06  Brood Lord x5, Infestor  
  149  20:11  Zergling x2  
  149  20:12  Zergling x16  
  149  20:13  Zergling x24  
  149  20:14  Zergling x24  
  178  20:15  Zergling x4  
  186  20:24  Drone x2  
  188  20:28  Spine Crawler  
  188  20:32  Spine Crawler  
  188  20:35  Spine Crawler x2  
  180  20:36  Spine Crawler  
  178  20:43  Hatchery  
  169  21:04  Drone x2  
  169  21:05  Drone  
  169  21:08  Extractor  
  169  21:10  Extractor  
  144  21:37  Zergling x2  
  144  21:38  Zergling x22  
  144  21:39  Zergling x22  
  156  21:40  Zergling x10  
  79  22:17  Ultralisk x2  
  79  22:18  Ultralisk x2  
  97  22:32  Drone x3  
  93  23:11  Ultralisk x4  
  93  23:12  Extractor  
  116  23:13  Infestor  
  116  23:16  Extractor  
  117  23:22  Zerg Flyer Weapons Level 1  
  117  23:50  Infestor  
  117  23:53  Zergling x12  
  117  23:54  Zergling x22  
  117  23:55  Zergling x24  
  146  24:05  Hatchery  
  146  24:09  Infestor x2  
  148  24:18  Hatchery  
  111  24:47  Overseer x4  
Show
View Real Time Build Order
Export as new Build Order

tokka Terran - Winner!

Build Orders: Reaper Expand, MMM Bio 

Get SALT Encoding   

  12  0:00  SCV  
  13  0:12  SCV  
  14  0:17  Supply Depot  
  14  0:25  SCV  
  14  0:27  Refinery  
  15  0:38  SCV  
  16  0:43  Barracks  
  16  0:50  SCV  
  17  1:02  SCV  
  18  1:14  SCV  
  19  1:31  Orbital Command, Reaper  
  20  1:41  Command Center  
  20  1:51  Factory  
  20  1:56  SCV  
  20  2:01  Refinery  
  21  2:05  Barracks Reactor  
  21  2:08  SCV  
  21  2:12  Supply Depot  
  22  2:21  SCV  
  23  2:34  SCV  
  23  2:36  Starport  
  24  2:45  Hellion  
  24  2:46  SCV, Hellion  
  29  2:53  Orbital Command  
  29  2:58  SCV  
  30  3:07  Hellion x2  
  30  3:11  SCV  
  35  3:17  Viking  
  37  3:25  Supply Depot, SCV  
  37  3:26  SCV  
  39  3:33  Widow Mine x2  
  43  3:39  SCV x2  
  45  3:47  Medivac  
  45  3:48  Supply Depot  
  47  3:57  SCV x2  
  47  4:00  Widow Mine x2, Liberator  
  53  4:09  SCV  
  55  4:10  SCV  
  55  4:13  Supply Depot  
  55  4:23  SCV x2  
  60  4:24  Command Center  
  60  4:26  Barracks Tech Lab  
  60  4:34  Factory Reactor  
  60  4:35  SCV x2  
  62  4:46  Barracks  
  62  4:47  Stimpack  
  62  4:48  SCV x2  
  62  4:50  Barracks  
  64  4:57  Engineering Bay  
  64  5:00  Engineering Bay, SCV x2  
  64  5:01  Starport Reactor  
  64  5:05  Refinery  
  66  5:09  Refinery  
  66  5:21  Factory Tech Lab  
  62  5:34  SCV x2  
  62  5:38  Orbital Command  
  62  5:40  Terran Infantry Weapons Level 1  
  62  5:46  SCV x2  
  64  5:50  Marine x5  
  58  5:58  SCV x2  
  58  5:59  Command Center  
  60  6:08  Marine x4  
  64  6:18  Marine  
  65  6:19  SCV x2  
  65  6:20  Terran Infantry Armor Level 1  
  65  6:21  Orbital Command  
  67  6:25  Armory  
  67  6:26  Marine x4  
  67  6:31  SCV x2  
  73  6:35  Supply Depot  
  73  6:38  Supply Depot  
  73  6:41  Marine  
  73  6:43  SCV x2, Marine  
  73  6:44  Marine x3, Medivac  
  73  6:45  Medivac  
  84  6:48  Supply Depot x3  
  84  6:50  Combat Shield  
  84  6:55  SCV  
  84  6:56  SCV x2  
  84  6:58  Marine  
  88  7:03  Barracks  
  88  7:07  SCV  
  88  7:08  Marine x4  
  89  7:10  SCV x2  
  89  7:11  Barracks  
  95  7:16  Marine  
  95  7:19  SCV  
  95  7:22  Refinery, SCV x2  
  99  7:23  Refinery, Sensor Tower  
  99  7:25  Medivac  
  99  7:26  Medivac  
  99  7:27  Marine x4  
  107  7:31  SCV  
  107  7:34  SCV x2, Marine  
  111  7:43  SCV  
  112  7:45  Marine x4  
  112  7:46  SCV  
  112  7:47  SCV  
  118  7:52  Marine  
  118  7:55  SCV  
  118  7:57  Command Center  
  120  7:58  SCV  
  120  7:59  SCV  
  120  8:01  Barracks Tech Lab x2  
  120  8:02  Planetary Fortress, Marine  
  123  8:06  Terran Infantry Weapons Level 2  
  123  8:07  SCV  
  123  8:08  Terran Vehicle Weapons Level 1  
  123  8:11  SCV x2  
  123  8:12  Marine x4  
  127  8:14  Siege Tank, Barracks  
  127  8:15  Barracks, Medivac  
  127  8:17  Barracks, Medivac  
  137  8:20  Marine  
  137  8:24  Supply Depot  
  137  8:25  Supply Depot  
  137  8:26  SCV x2  
  140  8:27  Supply Depot  
  140  8:46  SCV x2  
  142  8:49  Marine  
  142  8:50  Marauder, Marine x4  
  142  8:51  Marauder  
  142  8:52  SCV x2  
  142  8:55  Supply Depot  
  153  8:56  Supply Depot  
  153  8:58  Supply Depot x2, SCV x2  
  153  8:59  Sensor Tower  
  153  9:00  Command Center  
  153  9:01  Refinery  
  153  9:02  Refinery, Terran Infantry Armor Level 2  
  155  9:05  Barracks Tech Lab x3  
  155  9:07  Marine  
  155  9:08  Marauder  
  158  9:11  SCV x4  
  162  9:23  SCV x4  
  166  9:29  Factory x2  
  166  9:32  Factory  
  166  9:35  Factory  
  166  9:39  SCV  
  166  9:40  SCV x3  
  166  9:43  Marauder x2, Concussive Shells, Marine x2  
  176  9:52  SCV x4  
  173  10:40  Marauder x2, Marine x3  
  173  10:41  Factory Tech Lab x4  
  178  10:46  Siege Tank  
  181  10:56  Sensor Tower  
  181  10:57  Refinery  
  181  10:58  Refinery  
  181  11:00  Siege Tank x4  
  193  11:15  Marauder, Marine x4  
  193  11:16  Marauder x2  
  185  11:46  Siege Tank  
  185  11:47  Siege Tank x3  
  191  11:48  Siege Tank  
  194  11:59  Planetary Fortress  
  194  12:01  Medivac x2  
  198  12:08  Terran Infantry Weapons Level 3  
  198  12:10  Terran Infantry Armor Level 3, Terran Vehicle Weapons Level 2  
  198  12:14  Armory  
  198  12:16  Ghost Academy  
  198  12:19  Siege Tank  
  198  12:46  Barracks  
  198  12:47  Barracks  
  198  12:48  Starport  
  198  12:52  Starport, Barracks Tech Lab  
  198  12:59  Barracks Tech Lab  
  198  13:20  Command Center  
  198  13:23  Command Center  
  198  13:26  Command Center  
  198  13:33  Command Center  
  198  13:36  Command Center  
  198  13:40  Command Center  
  198  13:41  Siege Tank x5  
  175  13:42  Marine x3  
  175  13:43  Marauder x4  
  170  13:52  Liberator x2  
  170  13:53  Liberator x3  
  170  13:55  Marine  
  137  13:56  Marauder x2  
  137  14:00  Marine x3  
  128  14:04  Marauder x2, Marine x2  
  134  14:13  Marauder, Siege Tank  
  134  14:15  Siege Tank  
  134  14:16  Marine  
  144  14:28  Unknown x3  
  136  14:32  Marauder x4, Marine x3  
  136  14:33  Engineering Bay  
  136  14:35  Marauder, Siege Tank x3, Marine x2  
  155  14:45  Siege Tank  
  150  14:47  Personal Cloaking, Siege Tank  
  150  14:50  Marauder, Marine x2  
  150  14:52  Medivac, Ghost x2  
  152  14:53  Marine, Medivac  
  152  14:54  Marauder x3, Medivac  
  152  14:55  Medivac  
  169  15:15  Command Center  
  169  15:19  Hi-Sec Auto Tracking, Structure Armor, Terran Vehicle Weapons Level 3  
  169  15:22  Orbital Command  
  169  15:23  Marine, Ghost  
  169  15:24  Siege Tank, Medivac  
  169  15:27  Refinery  
  177  15:29  Refinery  
  177  15:33  Orbital Command  
  177  15:39  Refinery, Supply Depot  
  177  15:40  Supply Depot x2  
  177  15:42  Refinery  
  177  15:46  Supply Depot  
  177  15:47  Supply Depot x2  
  177  16:00  Ghost  
  177  16:01  Marauder, SCV x3, Marine x2, Ghost  
  177  16:02  Marauder, Siege Tank x2, Unknown x3, Medivac x2  
  200  16:11  Marauder, Marine x3  
  153  16:13  SCV x2  
  129  16:18  Marine  
  129  16:19  Marine  
  129  16:22  Marauder  
  129  16:23  Marauder  
  129  16:25  SCV x2  
  134  16:28  Marine  
  134  16:29  Marauder, Marine x2  
  134  16:31  Marauder  
  134  16:32  Orbital Command  
  143  16:33  Marauder  
  143  16:36  Marine  
  143  16:37  Marine  
  144  16:44  Marauder, Marine  
  144  16:46  Marine  
  149  16:47  Marauder x2  
  149  16:50  Marine  
  149  16:52  Marauder  
  149  16:53  Marine  
  156  16:56  Siege Tank x4  
  168  17:02  Siege Tank  
  168  17:03  Marauder  
  168  17:05  Orbital Command  
  173  17:12  Orbital Command  
  160  17:33  Siege Tank x4  
  160  17:34  Siege Tank  
  172  17:54  Planetary Fortress  
  172  17:56  Refinery x2  
  172  17:57  Ghost x3  
  178  17:59  Ghost  
  178  18:00  Command Center  
  178  18:01  Barracks Tech Lab  
  178  18:05  Siege Tank x2  
  186  18:10  Terran Ship Weapons Level 1  
  186  18:13  SCV x4  
  186  18:14  SCV  
  186  18:19  Ghost  
  191  18:21  Sensor Tower  
  191  18:26  Command Center  
  193  18:30  Command Center  
  193  18:34  Sensor Tower, Command Center  
  192  19:03  Ghost x2  
  192  19:06  Barracks Tech Lab  
  192  19:08  Ghost x2  
  167  20:05  Orbital Command x2  
  167  20:07  Viking x4  
  167  20:08  Viking x2  
  179  20:16  Ghost x4  
  179  20:17  Ghost x2  
  179  20:19  Smart Servos  
  191  20:22  Terran Ship Weapons Level 2  
  191  20:37  Viking  
  185  20:43  Ghost x3  
  190  20:53  Ghost x6  
  190  20:54  Ghost  
  188  21:00  Medivac  
  185  21:10  Planetary Fortress  
  185  21:11  Ghost  
  185  21:12  Marauder, Marine  
  184  21:22  Marauder x2, Marine x3  
  184  21:23  Marauder x2  
  186  21:30  Marine  
  181  21:34  Marauder  
  181  21:39  Refinery, Marine  
  183  21:40  Marine  
  183  21:41  Siege Tank x5, Refinery  
  195  22:05  Marine x2  
  195  22:06  Marauder x3, Marine  
  183  22:17  Ghost Academy  
  183  22:18  Ghost Academy x2  
  183  22:20  Nuke  
  183  22:32  Medivac x4  
  191  23:00  Marauder x4  
  199  23:09  Nuke x3  
  199  23:13  Ghost Academy x2  
  199  23:15  Ghost Academy  
  199  23:16  Ghost Academy  
  199  23:48  Refinery  
  199  23:50  Refinery  
  199  24:08  Marine  
  200  24:12  Nuke x2  
  200  24:13  Nuke x4  
  200  24:18  Planetary Fortress  
Tags
 
Add a new tag
Caveats
  • Supply blocks, unpowered buildings, or Contaminate may cause inaccurate times.
  • Supply counts are checked every 10 seconds.